 Dungeon Crawl Stone Soup version 0.17.0-28-g6e173f8 (webtiles) character file.

700 xeno23 the Covered (level 7, 0/55 HPs)
             Began as a Demigod Air Elementalist on Nov 24, 2015.
             Slain by a wight
             ... wielding a +2 trident
              (2 damage)
             ... on level 5 of the Dungeon.
             The game lasted 00:23:46 (3442 turns).

xeno23 the Covered (Demigod Air Elementalist)       Turns: 3442, Time: 00:23:47

Health: 0/55       AC:  6    Str: 15    XL:     7   Next: 15%
Magic:  5/14       EV:  9    Int: 19    God:
Gold:   152        SH:  0    Dex: 16    Spells: 4 memorised, 4 levels left

rFire  . . .     SeeInvis .     f - +1 spear (venom)
rCold  . . .     Clarity  .     v - +0 scale mail
rNeg   . . .     SustAt   +     (no shield)
rPois  .         Gourm    .     (no helmet)
rElec  .         Spirit   .     (no cloak)
rCorr  .         Warding  .     (no gloves)
rMut   .         Stasis   .     (no boots)
MR     .....                    (no amulet)
Stlth  ..........               (no ring)
                                (no ring)

@: very slightly contaminated, repel missiles, drained, not resistant to hostile
enchantments, extremely unstealthy
A: high mp 1, sustain attributes
a: no special abilities


You were on level 5 of the Dungeon.
You were not hungry.

You visited 1 branch of the dungeon, and saw 5 of its levels.
You also visited: Sewer.

You collected 152 gold pieces.

Inventory:

Hand Weapons
 f - a +1 spear of venom (weapon)
 q - a +0 blowgun
Missiles
 r - 18 poisoned needles
Armour
 v - a +0 scale mail (worn)
Jewellery
 m - an uncursed ring of fire
Scrolls
 a - a scroll of identify
 e - 2 scrolls of remove curse
 i - 3 scrolls of teleportation
 s - 2 scrolls of amnesia
 u - a scroll of blinking {unknown}
Potions
 g - a potion of flight
 h - a potion of might {unknown}
 k - 3 potions of curing {unknown}
 l - a potion of haste {unknown}
 o - 3 potions of agility {unknown}
 t - 2 potions of brilliance {unknown}
Books
 b - a book of Air

   Spells                             Type                      Level
   a - Shock                          Conjuration/Air              1
   b - Swiftness                      Charms/Air                   2
   c - Repel Missiles                 Charms/Air                   2
   d - Static Discharge               Conjuration/Air              3
   e - Lightning Bolt                 Conjuration/Air              5
Comestibles
 c - 2 bread rations
 d - 2 meat rations
 j - 4 chunks of flesh
 n - a fruit


   Skills:
 + Level 2.0(1.4) Fighting
 * Level 4.2(3.5) Armour
 - Level 1.7(1.1) Dodging
 - Level 1.7(1.1) Stealth
 + Level 3.1(2.5) Spellcasting
 + Level 3.1(2.5) Conjurations
 + Level 4.2(3.5) Air Magic


You had 4 spell levels left.
You knew the following spells:

 Your Spells              Type           Power        Failure   Level  Hunger
a - Shock                 Conj/Air       ##..         17%         1    #......
b - Swiftness             Chrm/Air       #.......     52%         2    ##.....
q - Static Discharge      Conj/Air       ##......     56%         3    ###....
r - Repel Missiles        Chrm/Air       #.....       52%         2    ##.....


Dungeon Overview and Level Annotations

Branches:
Dungeon (5/15)
 Temple: D:4-7

Annotations:
D:3 1 exclusion
D:4 PeterLawrence's ghost, amateur GrFi


Innate Abilities, Weirdness & Mutations

You have an increased reservoir of magic (+10% MP).
Your attributes are resistant to harm.


Message History

a falchion; a robe You see here 26 arrows.
Casting: Shock
Confirm with . or Enter, or press ? or * to list all spells.
Aiming: Shock
Press: ? - help, Shift-Dir - straight line, f/p - wight
Aim: a wight, wielding an enchanted short sword and wearing a robe (moderately damaged)
The zap hits the wight.
The wight is moderately damaged.
The zap misses the wight.
The wight hits you with an enchanted short sword.
* * * LOW HITPOINT WARNING * * *
You take 2 damage.
The wight hits you with an enchanted short sword.
* * * LOW HITPOINT WARNING * * *
You take 3 damage.
The wight hits you with an enchanted trident!
* * * LOW HITPOINT WARNING * * *
You feel drained.
You die...

##+## ##...##
##.....##
##......<## #
#.........####...#
+....(...)).......
#.........####...#
##...z...## #
##..z@.## ##...##
##+##


You could see 2 wights.

Vanquished Creatures
  A big kobold (Sewer)
  3 wights (D:5)
  4 orc priests (D:3)
  An orc wizard (D:3)
  A worker ant (D:4)
  Terence (D:3)
  A hound skeleton (D:4)
  9 river rats (Sewer)
  8 adders
  A worm (D:3)
  4 giant geckos
  11 orcs
  13 bats
  9 goblins
  7 hobgoblins
  26 kobolds
  8 ball pythons
  7 giant cockroaches
  5 giant newts
  7 jackals (D:2)
  2 quokkas (D:2)
  24 rats
  A bush (D:3)
154 creatures vanquished.

Notes
Turn   | Place    | Note
--------------------------------------------------------------
     0 | D:1      | xeno23 the Demigod Air Elementalist began the quest for the Orb.
     0 | D:1      | Reached XP level 1. HP: 14/14 MP: 5/5
    28 | D:1      | Reached skill level 1 in Conjurations
    56 | D:1      | Reached skill level 3 in Air Magic
    90 | D:1      | Reached XP level 2. HP: 12/20 MP: 0/7
   345 | D:1      | Reached skill level 1 in Armour
   512 | D:2      | Reached XP level 3. HP: 24/26 MP: 4/8
   573 | D:2      | Learned a level 3 spell: Static Discharge
   576 | D:2      | Learned a level 2 spell: Repel Missiles
   957 | D:2      | Found a faded altar to an unknown god.
  1058 | D:3      | Reached XP level 4. HP: 33/33 MP: 3/10
  1516 | D:3      | Found a glowing drain.
  1556 | D:3      | Noticed Terence
  1559 | Sewer    | Entered a sewer
  1608 | Sewer    | Reached XP level 5. HP: 25/38 MP: 11/11
  1997 | Sewer    | Learned a level 2 spell: Swiftness
  2221 | Sewer    | Noticed a big kobold
  2239 | Sewer    | Killed a big kobold
  2239 | Sewer    | Reached skill level 1 in Fighting
  2239 | Sewer    | Reached skill level 4 in Air Magic
  2239 | Sewer    | Reached XP level 6. HP: 16/47 MP: 3/13
  2490 | D:3      | Killed Terence
  2649 | D:3      | Noticed PeterLawrence's ghost (amateur GrFi)
  3405 | D:5      | Entered Level 5 of the Dungeon
  3412 | D:5      | Reached XP level 7. HP: 44/53 MP: 8/14
  3442 | D:5      | HP: 2/55 [wight/enchanted trident (7)]
  3442 | D:5      | Slain by a wight

Action                   |  1- 3 |  4- 6 |  7- 9 || total
-------------------------+-------+-------+-------++-------
Melee: Unarmed           |    17 |       |       ||    17
       Short sword       |     6 |       |       ||     6
       Spear             |    74 |   194 |     9 ||   277
 Cast: Shock             |    45 |    97 |     8 ||   150
       Repel Missiles    |     1 |       |       ||     1
       Static Discharge  |       |     5 |       ||     5
       Swiftness         |       |     1 |       ||     1
  Use: Scroll            |       |     6 |       ||     6
 Stab: Sleeping          |     3 |     1 |       ||     4
  Eat: Chunk             |     1 |     9 |       ||    10
